AoeStats
← Unchained96

Arena

508461953Analyzed
4v4 RM · 11d ago on Sep 22, 2026· 49m 11s· 8 players
Game mode
Random Map
Map size
Large (8 player)
Population
200
Speed
Normal
Resources
Standard
Victory
Conquest
Starting age
Dark Age
Ending age
Imperial Age
RankedLock teamsTeams togetherTeam positionsShared explorationLock speedFull tech treeHidden civsTurbo modeCheats
Victory
Defeat
🇨🇦 Burmese · Canada
1101
+9
🇨🇿 Bengalis · Czechia
1077
+10
🇦🇺 Danes · Australia
1047
+11
🇬🇧 Huns · United Kingdom
922
+16
🇬🇧 Saxons · United Kingdom
968
-13
🇮🇳 Danes · India
958
-12
🇹🇷 Huns · Türkiye
933
-11
🇻🇳 Khmer · Vietnam
907
-10
arpeetmakasare123
6:05 Loom
Chu Ko Who?
0:33 Loom
9:32 Feudal Age
10:23 Double-Bit Axe
11:54 Wheelbarrow
18:43 Castle Age
16:44 Fletching
17:34 Stone Mining
18:17 Horse Collar
19:31 Squires
19:18 Arson
28:10 Scale Mail Armor
30:06 Forging
30:34 Clerical Recruitment
33:59 Bow Saw
37:40 Imperial Age
35:54 Heavy Plow
36:31 Sanctity
37:50 Elite Varangian Guard
39:45 Gambesons
40:17 Chain Mail Armor
41:55 Theocracy
42:14 Block Printing
david
10:39 Feudal Age
14:21 Castle Age
12:42 Double-Bit Axe
13:14 Stone Mining
24:51 Loom
30:25 Bow Saw
30:10 Gold Mining
Nightman
12:00 Feudal Age
15:45 Castle Age
14:19 Double-Bit Axe
14:23 Horse Collar
17:12 Bow Saw
17:06 Heavy Plow
17:14 Gold Mining
18:33 Stone Mining
27:33 Imperial Age
27:47 Gold Shaft Mining
27:36 Scale Barding Armor
27:42 Forging
28:51 Chain Barding Armor
30:33 Iron Casting
30:03 Marauders
31:46 Plate Barding Armor
31:38 Bloodlines
31:30 Husbandry
36:47 Elite Tarkan
38:33 Light Cavalry
40:48 Hussar
42:59 Blast Furnace
42:25 Conscription
Unchained96
11:30 Feudal Age
12:23 Double-Bit Axe
15:14 Castle Age
13:19 Horse Collar
16:27 Bow Saw
17:30 Heavy Plow
23:21 Wheelbarrow
23:52 Fletching
24:47 Bodkin Arrow
29:30 Imperial Age
27:55 Loom
28:26 Hand Cart
28:39 Masonry
29:56 Gold Mining
30:19 Siege Engineers
32:13 Scale Mail Armor
32:23 Forging
32:16 Northmen's Fury
33:22 Squires
33:08 Arson
33:10 Gambesons
32:46 Elite Varangian Guard
33:44 Chain Mail Armor
33:53 Conscription
34:20 Iron Casting
36:33 Plate Mail Armor
37:03 Blast Furnace
37:02 Elite Jomsviking
39:11 Hamask
41:20 Chemistry
46:05 Spies/Treason
Panzerfaust
5:22 Loom
11:52 Feudal Age
13:07 Horse Collar
13:15 Double-Bit Axe
20:03 Castle Age
20:58 Wheelbarrow
20:19 Fletching
20:33 Padded Archer Armor
20:39 Scale Barding Armor
20:35 Scale Mail Armor
23:35 Bow Saw
24:14 Town Watch
24:40 Bodkin Arrow
25:00 Pikeman
25:49 Heavy Plow
28:43 Ballistics
28:35 Masonry
28:44 Leather Archer Armor
31:55 Gold Mining
31:56 Stone Mining
32:10 Town Patrol
33:44 Scale Mail Armor
36:07 Fortified Wall
37:49 Squires
38:08 Chain Mail Armor
38:03 Forging
40:17 Gold Shaft Mining
43:10 Imperial Age
41:18 Chain Barding Armor
42:00 Paiks
42:56 Hand Cart
43:31 Elite Elephant Archer
44:04 Halberdier
46:19 Bracer
46:55 Iron Casting
47:23 Conscription
49:39 Chemistry
49:58 Two-Man Saw
Hyper
9:25 Loom
12:21 Feudal Age
17:30 Castle Age
15:47 Double-Bit Axe
16:09 Horse Collar
17:49 Stone Mining
17:51 Gold Mining
21:03 Heavy Plow
24:42 Marauders
29:26 Bow Saw
31:32 Bloodlines
36:43 Imperial Age
34:52 Wheelbarrow
35:42 Forging
35:38 Scale Barding Armor
37:56 Iron Casting
37:42 Chain Barding Armor
36:49 Elite Tarkan
37:58 Conscription
38:35 Husbandry
40:20 Blast Furnace
40:13 Plate Barding Armor
41:42 Light Cavalry
48:40 Spies/Treason
FuaKatelas
0:47 Loom
11:52 Feudal Age
16:54 Castle Age
15:12 Man-at-Arms
15:46 Horse Collar
16:57 Long Swordsman
17:41 Scale Mail Armor
17:52 Gambesons
18:36 Squires
18:30 Arson
23:02 Forging
28:20 Wheelbarrow
29:51 Hand Cart
30:43 Chain Mail Armor
30:31 Padded Archer Armor
31:53 Devotion
32:05 Gold Mining
34:38 Ballistics
34:48 Husbandry
35:39 Bloodlines
36:14 Fortified Wall
39:51 Imperial Age
41:37 Chemistry
40:55 Two-Handed Swordsman
42:11 Chain Mail Armor
43:50 Pikeman
43:54 Champion
45:14 Murder Holes
45:17 Fletching
46:05 Bodkin Arrow
47:19 Conscription
Connection lost

Rejoining the realm…

Still unreachable

The connection could not be restored.

Session expired

The server has moved on; the page needs a fresh start.